 Dungeon Crawl Stone Soup version 0.30-a0-637-gacddeb6d44 (webtiles) character file.

Game seed: 12125170368506497541

4501 Leeroy the Carver (level 10, -3/53 HPs)
             Began as a Tengu Warper on Jan 15, 2023.
             Was an Elder of Okawaru.
             Slain by a hornet (8 damage)
             ... while paralysed by a hornet
             ... on level 10 of the Dungeon.
             The game lasted 00:11:18 (8066 turns).

Leeroy the Carver (Tengu Warper)                    Turns: 8066, Time: 00:11:18

Health: -3/53      AC:  7    Str: 12    XL:     10   Next: 38%
Magic:  14/14      EV:  2    Int: 13    God:    Okawaru [****..]
Gold:   559        SH:  0    Dex: 18    Spells: 4/13 levels left

rFire   . . .      SeeInvis .    I - +0 scimitar
rCold   . . .      Faith    .    (no shield)
rNeg    . . .      Spirit   .    A - +1 robe {Will+}
rPois   .          Reflect  +    (helmet restricted)
rElec   .          Harm     .    r - +2 cloak
rCorr   .          Rampage  .    v - +0 pair of gloves
Will    +....                    (boots unavailable)
Stlth   ++                       y - amulet of reflection
HPRegen 0.28/turn                k - ring of wizardry
MPRegen 0.14/turn                l - +5 ring of evasion

@: paralysed, lethally poisoned (-3 -> -18), flying quickly and evasively, quick
A: beak, talons 3, nimble flight
a: Renounce Religion, Heroism, Finesse


You were on level 10 of the Dungeon.
You worshipped Okawaru.
Okawaru was greatly pleased with you.
You visited 2 branches of the dungeon, and saw 11 of its levels.

You collected 581 gold pieces.
You spent 22 gold pieces at shops.

Inventory:

Hand Weapons
 a - a +0 falchion
 I - a +0 scimitar (weapon)
 L - a +0 short sword of venom
 N - a +0 dagger of speed
 O - a +0 dagger of venom
Missiles
 d - 11 boomerangs of dispersal
 e - 31 poisoned darts (quivered)
 F - 3 boomerangs
 S - 3 throwing nets
Armour
 b - a +0 leather armour
 r - a +2 cloak (worn)
 v - a +0 pair of gloves (worn)
 A - a +1 robe of willpower (worn)
 B - a +1 helmet
Jewellery
 k - a ring of wizardry (left hand)
 l - a +5 ring of evasion (right hand)
 y - an amulet of reflection (around neck)
 C - a ring of willpower
 H - a ring of magical power
 R - a ring of magical power
Wands
 n - a wand of iceblast (11)
Scrolls
 c - 3 scrolls of blinking
 f - 3 scrolls of enchant weapon
 h - a scroll of torment
 m - 2 scrolls of amnesia
 o - 3 scrolls of teleportation
 s - a scroll of vulnerability
 x - a scroll of silence
 D - a scroll of immolation
 E - 2 scrolls of butterflies
 K - a scroll of brand weapon
 M - a scroll of fog {unknown}
 Q - a scroll of noise {unknown}
 T - a scroll of enchant armour {unknown}
Potions
 g - a potion of degeneration
 i - 2 potions of flight {unknown}
 j - 4 potions of heal wounds {unknown}
 p - 4 potions of mutation {unknown}
 q - 2 potions of haste {unknown}
 t - 2 potions of resistance {unknown}
 u - a potion of cancellation {unknown}
 w - 4 potions of curing {unknown}
 z - 3 potions of lignification {unknown}
 G - a potion of berserk rage {unknown}
 J - 3 potions of magic {unknown}
 P - 2 potions of brilliance {unknown}


   Skills:
 - Level 2.0 Fighting
 - Level 11.0 Long Blades
 - Level 0.9(1.3) Axes
 - Level 1.0(1.4) Maces & Flails
 - Level 0.9(1.3) Polearms
 - Level 1.0(1.4) Staves
 - Level 0.8 Ranged Weapons
 - Level 1.0 Throwing
 - Level 1.1 Armour
 - Level 5.1 Dodging
 - Level 1.0 Shields
 - Level 2.0 Spellcasting
 - Level 1.1 Conjurations
 - Level 0.4 Hexes
 - Level 1.0 Summonings
 - Level 0.8 Necromancy
 + Level 5.3 Translocations
 - Level 0.5 Transmutations
 - Level 0.8 Fire Magic
 - Level 0.6 Ice Magic
 - Level 1.1 Air Magic
 - Level 0.4 Earth Magic
 - Level 0.7 Poison Magic
 - Level 7.0 Evocations


You had 4 spell levels left.
You knew the following spells:

 Your Spells              Type           Power      Damage    Failure   Level
a - Blink                 Tloc           30%        N/A       1%          2
b - Vhi's Electric Charg  Tloc/Air       18%        N/A       9%          3
c - Manifold Assault      Tloc           15%        N/A       12%         4

Your spell library contained the following spells:

 Spells                   Type           Power      Damage    Failure   Level
 Lesser Beckoning         Tloc           30%        N/A       3%          3
 Teleport Other           Tloc           15%        N/A       3%          3
 Sandblast                Erth           4%         2d4       9%          1
 Sublimation of Blood     Necr           3%         N/A       11%         2
 Wereblood                Tmut           2%         N/A       12%         2
 Kindle Blastsparks       Fire/Tloc/Air  14%        2d11      12%         3
 Passwall                 Tmut/Erth      1%         N/A       13%         2
 Stone Arrow              Conj/Erth      6%         3d7       22%         3
 Inner Flame              Hex/Fire       2%         N/A       24%         3
 Iskenderun's Mystic Bla  Conj/Tloc      9%         2d4       26%         4
 Fulminant Prism          Conj/Hex       1%         3d5       56%         4
 Cause Fear               Hex            1%         N/A       61%         4
 Lee's Rapid Deconstruct  Erth           1%         3d4*      90%         5
 Discord                  Hex            1%         N/A       100%        8
 Summon Hydra             Summ           Unusable   N/A       N/A         7

Dungeon Overview and Level Annotations

Branches:
Dungeon (10/15)            Temple (1/1) D:4
   Lair: D:8-11         Orc: D:9-12

Altars:
Cheibriados
Dithmenos
Elyvilon
Gozag
Hepliaklqana
Kikubaaqudgha
Makhleb
Nemelex Xobeh
Okawaru
Qazlal
Sif Muna
Trog
Uskayaw
Xom
Zin
The Shining One

Shops:
D:1 ?   D:2 (

Annotations:
D:4 1 runed translucent door, Nonseq's ghost, amateur DsFE


Innate Abilities, Weirdness & Mutations

You have a beak for a mouth.
You have claws for feet.
Your magical nature lets you fly swiftly and evasively.


Message History

The hornet buzzes angrily.
Your kick misses the killer bee. You peck the killer bee.
The killer bee is lightly wounded.
You feel like a meek peon again. The killer bee barely misses you.
You slash the killer bee! Your peck misses the killer bee.
The killer bee is almost dead.
The killer bee completely misses you. x2
You hit the killer bee.
You kill the killer bee!
Okawaru accepts your kill. The killer bee completely misses you.
You slash the killer bee!
You peck the killer bee, but do no damage.
The killer bee is severely wounded.
The killer bee closely misses you. The killer bee completely misses you.
You slash the killer bee!
You kill the killer bee!
Okawaru accepts your kill.
You completely miss the hornet. Your kick misses the hornet.
The hornet completely misses you.
You closely miss the hornet. Your kick misses the hornet.
The hornet completely misses you. The hornet closely misses you.
You hit the hornet but do no damage. Your kick misses the hornet.
The hornet stings you!
You are poisoned.
You feel yourself slow down.
You slash the hornet!
The hornet is moderately wounded.
You feel yourself speed up.
You feel very sick. The hornet stings you.
You feel yourself slow down. The hornet stings you!
* * * LOW HITPOINT WARNING * * *
You are lethally poisoned!
You suddenly lose the ability to move!
You feel yourself speed up.
* * * LOW HITPOINT WARNING * * *
You feel very sick. The hornet stings you!
You die...

################..
...)..y@..<.......
.....#############
... .


You could see a hornet.

Vanquished Creatures
  A kobold demonologist (D:9)
  10 yaks
  A steam dragon (D:6)
  A black bear (D:4)
  2 ice beasts
  2 orc warriors
  An ogre (D:5)
  2 centaurs (D:9)
  A phantom (D:6)
  3 kobold brigands
  2 bullfrogs
  3 necrophages
  A gnoll sergeant (D:9)
  2 scorpions
  5 killer bees (D:10)
  3 howler monkeys (D:9)
  4 hounds
  2 gnoll boudas
  A jelly (D:6)
  6 orc priests
  Ijyb (D:5)
  3 iguanas
  5 orc wizards
  11 gnolls
  4 adders
  A shadow imp (D:7)
  4 ufetubi
  2 worms
  A dart slug (D:1)
  15 orcs
  6 endoplasms
  2 giant cockroaches (D:1)
  7 goblins
  7 hobgoblins
  4 jackals (D:1)
  18 kobolds
  4 quokkas
  6 ball pythons
  6 bats
  5 frilled lizards
  A rat (D:1)
166 creatures vanquished.

Notes
Turn   | Place    | Note
-------+----------+-------------------------------------------
     0 | D:1      | Leeroy the Tengu Warper began the quest for the Orb.
     0 | D:1      | Reached XP level 1. HP: 12/12 MP: 4/4
    86 | D:1      | Reached XP level 2. HP: 17/17 MP: 6/6
    98 | D:1      | Reached skill level 3 in Long Blades
   184 | D:1      | Found Jeneacwy's Magic Scroll Emporium.
   190 | D:1      | Bought a scroll of identify for 22 gold pieces
   318 | D:1      | Reached XP level 3. HP: 10/21 MP: 7/7
   324 | D:1      | Learned a level 2 spell: Blink
   328 | D:1      | Learned a level 3 spell: Vhi's Electric Charge
   614 | D:1      | Reached skill level 4 in Long Blades
   953 | D:2      | Found Adilysar's Antique Weapon Boutique.
  1538 | D:2      | Reached XP level 4. HP: 13/26 MP: 8/8
  1708 | D:3      | Reached skill level 5 in Long Blades
  1810 | D:3      | Gained mutation: Your magical nature lets you fly swiftly
                  | and evasively. [Tengu growth]
  1810 | D:3      | Reached XP level 5. HP: 30/30 MP: 9/9
  2021 | D:3      | Found an iron altar of Okawaru.
  2152 | D:3      | Became a worshipper of Warmaster Okawaru
  2704 | D:4      | Reached skill level 6 in Long Blades
  2717 | D:4      | Noticed Nonseq's ghost (amateur DsFE)
  2720 | D:4      | Found a runed translucent door.
  2728 | D:4      | Noticed a black bear
  2732 | D:4      | Killed a black bear
  2733 | D:4      | Reached XP level 6. HP: 35/35 MP: 10/10
  2854 | D:4      | Reached skill level 7 in Long Blades
  2881 | D:4      | Found an ancient bone altar of Kikubaaqudgha.
  3022 | D:4      | Found a staircase to the Ecumenical Temple.
  3031 | Temple   | Entered the Ecumenical Temple
  3396 | D:5      | Entered Level 5 of the Dungeon
  3570 | D:5      | Noticed Ijyb
  3580 | D:5      | Killed Ijyb
  3704 | D:5      | Reached XP level 7. HP: 40/40 MP: 7/11
  3747 | D:5      | Reached * piety under Okawaru
  3748 | D:5      | Reached skill level 8 in Long Blades
  4527 | D:6      | Reached skill level 9 in Long Blades
  4527 | D:6      | Reached XP level 8. HP: 44/44 MP: 5/12
  4772 | D:6      | Reached ** piety under Okawaru
  4814 | D:6      | Reached skill level 10 in Long Blades
  5141 | D:6      | Reached skill level 5 in Dodging
  5205 | D:6      | Noticed a yak
  5205 | D:6      | Noticed a yak
  5205 | D:6      | Noticed a yak
  5206 | D:6      | Noticed a yak
  5223 | D:6      | Killed a yak
  5236 | D:6      | Killed a yak
  5237 | D:6      | Reached XP level 9. HP: 18/48 MP: 10/13
  5401 | D:5      | Learned a level 4 spell: Manifold Assault
  5418 | D:6      | Reached skill level 5 in Evocations
  5791 | D:7      | Found a sparkling altar of Nemelex Xobeh.
  5809 | D:7      | Reached *** piety under Okawaru
  6322 | D:7      | Found a hide-covered altar of Uskayaw.
  6401 | D:7      | Found a shadowy altar of Dithmenos.
  6897 | D:9      | Reached skill level 11 in Long Blades
  6984 | D:9      | Found a bloodstained altar of Trog.
  7003 | D:9      | Reached skill level 1 in Maces & Flails
  7003 | D:9      | Reached skill level 1 in Staves
  7003 | D:9      | Reached skill level 1 in Shields
  7003 | D:9      | Reached skill level 1 in Conjurations
  7003 | D:9      | Reached skill level 1 in Summonings
  7003 | D:9      | Reached skill level 1 in Air Magic
  7003 | D:9      | Reached XP level 10. HP: 12/53 MP: 9/14
  7249 | D:9      | Reached **** piety under Okawaru
  7425 | D:9      | Noticed a kobold demonologist
  7440 | D:9      | Killed a kobold demonologist
  8037 | D:10     | Entered Level 10 of the Dungeon
  8051 | D:10     | Reached skill level 5 in Translocations
  8065 | D:10     | Paralysed by a hornet for 2 turns
  8066 | D:10     | Slain by a hornet

Illustrated notes

Levels and vault maps discovered:
D:1:      tarquinn_simple_flora_water_e, layout_loops_cross, serial_shops,
          nicolae_shop_trees
D:2:      layout_loops_ring, serial_shops, shop, hangedman_feature_mirror,
          chequers_serial_rivers_room_a
D:3:      layout_basic, okawaru_ov_weapons_minmay, kennysheep_generic_room_13
D:4:      layout_rooms, mainiacjoe_overflow_small_starburst,
          minmay_temple_entry_gardened_gates, hellmonk_ghost_happy_afterlife
D:5:      layout_basic, kennysheep_generic_room_11, uniq_ijyb
D:6:      layout_loops_ring
D:7:      layout_layer_cave, grunt_dithmenos_smoke,
          nemelex_xobeh_ov_fountains_minmay, general_overflow_altar
D:8:      layout_cave_pools, minitemple, uniq_grum
D:9:      layout_gridville, trog_hazing_becter
D:10:     layout_long_grid, enter_bailey_3
Temple:   chequers_temple_sunken

Skill      XL: |  1  2  3  4  5  6  7  8  9 10 |
---------------+-------------------------------+-----
Long Blades    | 3 4 5 6 7 9 10 11 | 11.0
Dodging        | 3 4 5 |  5.1
Evocations     | 3 7 |  7.0
Maces & Flails | 1 |  1.0
Staves         | 1 |  1.0
Shields        | 1 |  1.0
Conjurations   | 1 |  1.1
Summonings     | 1 |  1.0
Air Magic      | 1 |  1.1
Translocations | 5 |  5.3
Fighting       | |  2.0
Axes           | |  0.9
Polearms       | |  0.9
Ranged Weapons | |  0.8
Throwing       | |  1.0
Armour         | |  1.1
Spellcasting   | |  2.0
Hexes          | |  0.4
Necromancy     | |  0.8
Transmutations | |  0.5
Fire Magic     | |  0.8
Ice Magic      | |  0.6
Earth Magic    | |  0.4
Poison Magic   | |  0.7

Action                   |  1- 3 |  4- 6 |  7- 9 | 10-12 || total
-------------------------+-------+-------+-------+-------++-------
Melee: Falchion          |    89 |    84 |    47 |       ||   220
       Kick              |    17 |    27 |   102 |    34 ||   180
       Peck              |    12 |    14 |    50 |    25 ||   101
       Punch             |     1 |     1 |     6 |     4 ||    12
       Scimitar          |       |       |   218 |   119 ||   337
Throw: Dart              |     2 |       |     2 |       ||     4
 Cast: Vhi's Electric Ch |       |     2 |     3 |       ||     5
       Blink             |       |       |     5 |       ||     5
       Manifold Assault  |       |       |     1 |     1 ||     2
Invok: Heroism           |       |       |     5 |     1 ||     6
Evoke: Wand              |       |     4 |     5 |       ||     9
  Use: Scroll            |     3 |       |     1 |     6 ||    10
 Stab: Sleeping          |     1 |       |     1 |       ||     2
Armor: Leather armour    |    24 |    10 |       |       ||    34
       Robe              |       |     2 |    39 |    25 ||    66
Dodge: Dodged            |    73 |    58 |   238 |   153 ||   522
Block: Other             |       |       |       |     5 ||     5

Table legend: (Time is in decaauts)
 A = Elapsed time spent in this place.
 B = Non-inter-level travel time spent in this place.
 C = Inter-level travel time spent in this place.
 D = Time resting spent in this place.
 E = Time spent auto-exploring this place.
 F = Levels seen in this place.
 G = Mean time per level.
                   A        B        C        D        E       F      G
               +--------+--------+--------+--------+--------+-----+--------+
         Total |   7581 |   7325 |    256 |    392 |   5624 |  11 |  689.2 |
       Dungeon |   7337 |   7111 |    226 |    392 |   5416 |  10 |  733.7 |
        Temple |    244 |    215 |     29 |      0 |    207 |   1 |  244.0 |
               +--------+--------+--------+--------+--------+-----+--------+

Top non-repeatable levels by time:
     D:5: 1153 daAuts
     D:9: 1150 daAuts
     D:6: 1030 daAuts
     D:2: 998 daAuts
     D:3: 971 daAuts
     D:7: 893 daAuts
     D:1: 650 daAuts
     D:4: 396 daAuts
  Temple: 244 daAuts
     D:8: 69 daAuts
    D:10: 23 daAuts
